[ AOE2 MATCH · #484195233 ]
UnrankedMagyars vs Chinese
[ REPLAY ANALYSIS · EXTRACTED FROM THE RECORDED GAME ]
Feudal
9:13
Castle
13:04
Imperial
28:02
| APM avg | 17.2 |
| APM peak | 42 |
| eAPM avg | 10.9 |
| Villagers / military | 93 / 185 |
Focus
⚔️ 29.0% · 🌾 71.0%
Magyar Huszar ×180 · Trebuchet (Packed) ×3 · Battering Ram ×2
Feudal
8:41
Castle
13:10
Imperial
30:34
| APM avg | 16.2 |
| APM peak | 37 |
| eAPM avg | 10.3 |
| Villagers / military | 112 / 115 |
Focus
⚔️ 17.5% · 🌾 82.5%
Leitis ×96 · Trade Cart ×14 · Scout Cavalry ×14 · Trebuchet (Packed) ×4 · Monk ×1
Feudal
8:25
Castle
14:23
Imperial
29:45
| APM avg | 21.2 |
| APM peak | 111 |
| eAPM avg | 7.8 |
| Villagers / military | 182 / 55 |
Focus
⚔️ 14.8% · 🌾 85.2%
Tarkan ×54 · Monk ×1
Feudal
9:21
Castle
13:54
Imperial
29:34
| APM avg | 24.3 |
| APM peak | 61 |
| eAPM avg | 16.9 |
| Villagers / military | 150 / 228 |
Focus
⚔️ 28.9% · 🌾 71.1%
Spearman ×166 · Battle Elephant ×39 · Skirmisher ×23
Feudal
8:59
Castle
18:55
Imperial
25:35
| APM avg | 22.6 |
| APM peak | 69 |
| eAPM avg | 12.1 |
| Villagers / military | 115 / 108 |
Focus
⚔️ 26.3% · 🌾 73.7%
Teutonic Knight ×92 · Scorpion ×13 · Monk ×3 · Trade Cart ×3
Feudal
6:37
Castle
12:08
Imperial
25:21
| APM avg | 32.3 |
| APM peak | 91 |
| eAPM avg | 20.0 |
| Villagers / military | 113 / 160 |
Focus
⚔️ 30.7% · 🌾 69.3%
Woad Raider ×110 · Battering Ram ×40 · Scorpion ×10
Feudal
8:53
Castle
14:13
Imperial
42:59
| APM avg | 9.1 |
| APM peak | 65 |
| eAPM avg | 6.8 |
| Villagers / military | 47 / 20 |
Focus
⚔️ 25.2% · 🌾 74.8%
Chu Ko Nu ×20
Match map
Resources at game start + every placement click. Thick line = wall · dashed box = detected house wall. 🟡 gold · ⚪ stone · 🟢 berries · 🔶 boar · ⭕ relic
Inputs per minute
— 喜多川海梦 - - 家恒
Build order — 喜多川海梦
First 150 of 297 actions detected
| 0:13 | Build | House |
| 0:17 | Build | House |
| 0:20 | Create | Villager (Male) ×2 |
| 0:21 | Create | Villager (Male) ×2 |
| 0:50 | Build | Lumber Camp |
| 1:12 | Create | Villager (Male) |
| 1:13 | Create | Villager (Male) |
| 1:13 | Create | Villager (Male) |
| 1:58 | Create | Villager (Male) |
| 2:16 | Build | Mill |
| 2:32 | Create | Villager (Male) |
| 2:32 | Create | Villager (Male) |
| 3:11 | Create | Villager (Male) |
| 3:25 | Create | Villager (Male) |
| 3:27 | Create | Villager (Male) |
| 3:42 | Create | Villager (Male) |
| 4:27 | Build | Mill |
| 4:34 | Create | Villager (Male) |
| 4:34 | Create | Villager (Male) |
| 5:15 | Build | House |
| 5:29 | Create | Villager (Male) |
| 5:30 | Create | Villager (Male) |
| 6:43 | Build | Mining Camp |
| 6:58 | Research | Feudal Age |
| 9:01 | Build | Farm |
| 9:02 | Build | Farm |
| 9:03 | Build | Farm |
| 9:13 | Age | Feudal Age |
| 9:15 | Build | Blacksmith |
| 9:35 | Build | Market |
| 9:40 | Create | Villager (Male) |
| 10:24 | Research | Castle Age |
| 11:13 | Build | Mining Camp |
| 11:16 | Research | Double-Bit Axe |
| 11:25 | Build | House |
| 11:25 | Build | House |
| 11:33 | Research | Stone Mining |
| 12:41 | Build | Barracks |
| 13:00 | Create | Villager (Male) |
| 13:00 | Create | Villager (Male) |
| 13:04 | Age | Castle Age |
| 13:42 | Build | Castle |
| 14:07 | Create | Villager (Male) |
| 14:08 | Create | Villager (Male) |
| 14:08 | Create | Villager (Male) |
| 14:14 | Build | Farm |
| 14:14 | Build | Farm |
| 14:15 | Build | Farm |
| 14:15 | Build | Farm |
| 14:15 | Build | Farm |
| 15:04 | Build | Archery Range |
| 15:17 | Build | Farm |
| 15:17 | Build | Farm |
| 15:18 | Build | Farm |
| 15:39 | Build | Mining Camp |
| 15:54 | Research | Gold Mining |
| 15:57 | Create | Villager (Male) |
| 15:57 | Create | Villager (Male) |
| 16:38 | Research | Corvinian Army |
| 16:46 | Build | Town Center |
| 16:49 | Create | Villager (Male) |
| 16:49 | Create | Villager (Male) |
| 16:49 | Create | Villager (Male) |
| 16:49 | Create | Villager (Male) |
| 17:24 | Create | Magyar Huszar |
| 17:28 | Create | Magyar Huszar |
| 17:46 | Create | Villager (Male) |
| 18:07 | Create | Magyar Huszar |
| 18:15 | Build | Farm |
| 18:34 | Build | Farm |
| 18:39 | Create | Villager (Male) |
| 18:40 | Create | Villager (Male) |
| 18:48 | Build | Farm |
| 18:48 | Build | Farm |
| 18:48 | Build | Farm |
| 19:01 | Build | Farm |
| 19:08 | Create | Villager (Male) |
| 19:08 | Create | Villager (Male) |
| 19:55 | Create | Magyar Huszar |
| 19:56 | Create | Magyar Huszar |
| 19:56 | Create | Magyar Huszar |
| 19:56 | Create | Magyar Huszar |
| 20:05 | Build | Farm |
| 20:10 | Create | Villager (Male) |
| 20:11 | Create | Villager (Male) |
| 20:16 | Create | Villager (Male) |
| 20:22 | Build | Farm |
| 20:22 | Build | Farm |
| 20:33 | Create | Magyar Huszar |
| 21:03 | Create | Magyar Huszar |
| 21:04 | Create | Magyar Huszar |
| 21:04 | Create | Magyar Huszar |
| 21:19 | Build | Farm |
| 21:25 | Research | Horse Collar |
| 21:31 | Create | Villager (Male) |
| 21:32 | Create | Villager (Male) |
| 21:58 | Create | Magyar Huszar |
| 21:58 | Create | Magyar Huszar |
| 21:58 | Create | Magyar Huszar |
| 22:07 | Create | Villager (Male) |
| 22:22 | Build | Farm |
| 22:30 | Create | Magyar Huszar |
| 22:31 | Create | Magyar Huszar |
| 22:31 | Create | Magyar Huszar |
| 22:53 | Build | House |
| 22:53 | Build | House |
| 22:53 | Build | House |
| 22:54 | Build | House |
| 22:55 | Build | House |
| 22:55 | Build | House |
| 22:55 | Build | House |
| 23:12 | Research | Heavy Plow |
| 23:28 | Build | Farm |
| 23:37 | Build | Farm |
| 23:46 | Build | Farm |
| 24:11 | Build | Farm |
| 24:31 | Build | University |
| 24:52 | Research | Imperial Age |
| 24:56 | Create | Villager (Male) |
| 24:57 | Create | Villager (Male) |
| 25:31 | Build | Siege Workshop |
| 25:35 | Create | Villager (Male) |
| 25:36 | Create | Villager (Male) |
| 25:36 | Create | Villager (Male) |
| 25:36 | Create | Villager (Male) |
| 25:36 | Create | Villager (Male) |
| 26:40 | Build | Siege Workshop |
| 26:42 | Create | Battering Ram |
| 27:00 | Build | House |
| 27:01 | Build | House |
| 27:01 | Build | House |
| 27:02 | Build | House |
| 27:02 | Build | House |
| 27:02 | Build | House |
| 27:03 | Build | House |
| 27:03 | Build | House |
| 27:03 | Build | House |
| 27:04 | Build | House |
| 27:34 | Build | Stone Wall |
| 27:49 | Build | Town Center |
| 28:02 | Age | Imperial Age |
| 28:07 | Create | Villager (Male) |
| 28:08 | Create | Villager (Male) |
| 28:08 | Create | Villager (Male) |
| 28:15 | Create | Villager (Male) |
| 28:15 | Create | Villager (Male) |
| 28:15 | Create | Villager (Male) |
| 28:24 | Research | Elite Magyar Huszar (upgrade) |
| 28:33 | Research | Conscription |
| 28:43 | Create | Battering Ram |
Build order — 家恒
First 150 of 319 actions detected
| 0:07 | Build | Mill |
| 0:10 | Create | Villager (Male) |
| 0:10 | Create | Villager (Male) |
| 0:11 | Create | Villager (Male) |
| 0:53 | Create | Villager (Male) |
| 1:28 | Create | Villager (Male) |
| 1:42 | Create | Villager (Male) |
| 1:44 | Build | House |
| 1:48 | Build | House |
| 2:17 | Create | Villager (Male) |
| 2:37 | Create | Villager (Male) |
| 3:05 | Create | Villager (Male) |
| 3:08 | Build | Lumber Camp |
| 3:31 | Create | Villager (Male) |
| 4:05 | Create | Villager (Male) |
| 4:31 | Create | Villager (Male) |
| 4:43 | Create | Villager (Male) |
| 4:56 | Build | Mill |
| 5:14 | Build | House |
| 5:16 | Build | House |
| 5:40 | Create | Villager (Male) |
| 6:06 | Create | Villager (Male) |
| 6:09 | Research | Feudal Age |
| 8:41 | Age | Feudal Age |
| 8:44 | Build | Market |
| 8:45 | Build | Blacksmith |
| 8:48 | Build | House |
| 8:48 | Build | House |
| 8:50 | Build | House |
| 8:51 | Create | Villager (Male) |
| 9:33 | Build | Farm |
| 9:34 | Build | Farm |
| 9:34 | Build | Farm |
| 9:34 | Build | Farm |
| 9:34 | Build | Farm |
| 9:35 | Build | Farm |
| 9:39 | Create | Villager (Male) |
| 10:05 | Create | Villager (Male) |
| 10:19 | Research | Castle Age |
| 11:01 | Build | Barracks |
| 11:40 | Build | Farm |
| 11:41 | Build | Farm |
| 11:41 | Build | Farm |
| 11:43 | Research | Horse Collar |
| 11:57 | Research | Double-Bit Axe |
| 13:10 | Age | Castle Age |
| 13:13 | Build | Monastery |
| 13:16 | Create | Villager (Male) |
| 13:16 | Create | Villager (Male) |
| 13:17 | Create | Villager (Male) |
| 13:29 | Build | Town Center |
| 13:44 | Create | Villager (Male) |
| 13:59 | Build | Farm |
| 14:03 | Create | Villager (Male) |
| 14:06 | Create | Villager (Male) |
| 14:29 | Create | Villager (Male) |
| 14:46 | Build | Mining Camp |
| 14:48 | Create | Villager (Male) |
| 14:48 | Create | Villager (Male) |
| 14:50 | Create | Villager (Male) |
| 14:52 | Create | Villager (Male) |
| 14:57 | Create | Villager (Male) |
| 15:22 | Build | Farm |
| 15:22 | Build | Farm |
| 15:22 | Build | Farm |
| 15:25 | Create | Monk |
| 15:28 | Create | Villager (Male) |
| 15:32 | Create | Villager (Male) |
| 15:37 | Build | Farm |
| 15:47 | Create | Villager (Male) |
| 16:42 | Create | Villager (Male) |
| 16:42 | Create | Villager (Male) |
| 16:43 | Create | Villager (Male) |
| 16:55 | Create | Villager (Male) |
| 16:55 | Create | Villager (Male) |
| 16:56 | Create | Villager (Male) |
| 17:07 | Build | Town Center |
| 17:13 | Create | Villager (Male) |
| 17:20 | Research | Bow Saw |
| 17:21 | Research | Heavy Plow |
| 18:04 | Create | Villager (Male) |
| 18:04 | Create | Villager (Male) |
| 18:05 | Create | Villager (Male) |
| 18:21 | Create | Villager (Male) |
| 18:21 | Create | Villager (Male) |
| 18:21 | Create | Villager (Male) |
| 18:26 | Build | Farm |
| 18:26 | Build | Farm |
| 18:27 | Build | Farm |
| 18:27 | Build | Farm |
| 18:31 | Create | Villager (Male) |
| 18:45 | Build | Town Center |
| 18:51 | Create | Villager (Male) |
| 18:51 | Create | Villager (Male) |
| 18:51 | Create | Villager (Male) |
| 19:29 | Create | Villager (Male) |
| 19:29 | Create | Villager (Male) |
| 19:31 | Create | Villager (Male) |
| 19:58 | Build | House |
| 19:59 | Build | House |
| 20:01 | Build | House |
| 20:02 | Build | House |
| 20:03 | Build | House |
| 20:04 | Build | House |
| 20:05 | Build | House |
| 20:06 | Build | House |
| 20:08 | Build | House |
| 20:09 | Build | House |
| 20:12 | Build | Stable |
| 20:15 | Create | Villager (Male) |
| 20:18 | Research | Wheelbarrow |
| 20:23 | Research | Town Watch |
| 20:42 | Create | Villager (Male) |
| 20:42 | Create | Villager (Male) |
| 20:43 | Create | Villager (Male) |
| 20:45 | Create | Villager (Male) |
| 20:45 | Create | Villager (Male) |
| 20:45 | Create | Villager (Male) |
| 21:01 | Create | Villager (Male) |
| 21:05 | Create | Villager (Male) |
| 21:13 | Create | Villager (Male) |
| 21:39 | Build | Castle |
| 21:42 | Create | Villager (Male) |
| 21:42 | Create | Villager (Male) |
| 21:44 | Create | Villager (Male) |
| 21:44 | Create | Villager (Male) |
| 21:48 | Create | Villager (Male) |
| 22:12 | Create | Villager (Male) |
| 22:12 | Create | Villager (Male) |
| 22:12 | Create | Villager (Male) |
| 22:13 | Create | Villager (Male) |
| 22:13 | Create | Villager (Male) |
| 22:16 | Create | Villager (Male) |
| 22:21 | Build | Farm |
| 22:21 | Build | Farm |
| 22:22 | Build | Farm |
| 22:30 | Build | Mining Camp |
| 22:34 | Build | Mining Camp |
| 22:42 | Build | Mining Camp |
| 22:52 | Create | Villager (Male) |
| 22:53 | Create | Villager (Male) |
| 22:53 | Create | Villager (Male) |
| 22:53 | Create | Villager (Male) |
| 22:54 | Create | Villager (Male) |
| 23:46 | Build | Market |
| 23:48 | Build | Market |
| 23:50 | Create | Villager (Male) |
| 23:50 | Create | Villager (Male) |
| 23:52 | Create | Villager (Male) |
| 23:53 | Create | Villager (Male) |
Build order — 一拍车拍死你全家
First 150 of 292 actions detected
| 0:19 | Create | Villager (Male) ×2 |
| 1:01 | Build | Lumber Camp |
| 1:24 | Create | Villager (Male) |
| 1:24 | Create | Villager (Male) |
| 1:25 | Create | Villager (Male) |
| 2:20 | Build | Mill |
| 2:31 | Create | Villager (Male) |
| 2:45 | Create | Villager (Male) |
| 2:46 | Create | Villager (Male) |
| 3:12 | Create | Villager (Male) |
| 3:31 | Build | Mill |
| 3:37 | Create | Villager (Male) |
| 4:23 | Create | Villager (Male) |
| 4:24 | Create | Villager (Male) |
| 4:56 | Create | Villager (Male) |
| 6:15 | Research | Feudal Age |
| 7:06 | Build | Farm |
| 7:07 | Build | Farm |
| 7:42 | Build | Farm |
| 7:47 | Create | Villager (Male) |
| 7:48 | Create | Villager (Male) |
| 7:48 | Create | Villager (Male) |
| 8:17 | Build | Mining Camp |
| 8:25 | Age | Feudal Age |
| 8:32 | Create | Villager (Male) |
| 8:38 | Build | Blacksmith |
| 8:45 | Build | Market |
| 9:04 | Build | Farm |
| 9:05 | Build | Farm |
| 9:05 | Build | Farm |
| 9:42 | Create | Villager (Male) |
| 10:41 | Build | Farm |
| 10:52 | Create | Villager (Male) |
| 11:05 | Build | Farm |
| 11:22 | Build | Farm |
| 11:43 | Research | Castle Age |
| 12:07 | Research | Double-Bit Axe |
| 12:40 | Create | Villager (Male) |
| 12:40 | Create | Villager (Male) |
| 13:43 | Research | Horse Collar |
| 13:50 | Create | Villager (Male) |
| 13:51 | Create | Villager (Male) |
| 14:23 | Age | Castle Age |
| 14:34 | Build | Town Center |
| 14:47 | Build | Monastery |
| 14:56 | Build | University |
| 15:02 | Create | Villager (Male) |
| 15:40 | Build | Town Center |
| 16:08 | Create | Villager (Male) |
| 16:09 | Create | Villager (Male) |
| 16:12 | Research | Wheelbarrow |
| 16:13 | Create | Villager (Male) |
| 16:14 | Create | Villager (Male) |
| 16:42 | Build | Farm |
| 16:42 | Build | Farm |
| 16:42 | Build | Farm |
| 16:43 | Build | Farm |
| 17:25 | Create | Villager (Male) |
| 17:25 | Create | Villager (Male) |
| 17:29 | Create | Villager (Male) |
| 17:32 | Create | Villager (Male) |
| 18:21 | Build | Town Center |
| 18:44 | Create | Villager (Male) |
| 18:44 | Create | Villager (Male) |
| 18:51 | Create | Villager (Male) |
| 18:51 | Create | Villager (Male) |
| 18:59 | Research | Bow Saw |
| 19:01 | Research | Heavy Plow |
| 19:16 | Research | Stone Mining |
| 19:38 | Create | Villager (Male) |
| 19:39 | Create | Villager (Male) |
| 19:42 | Create | Villager (Male) |
| 19:44 | Create | Villager (Male) |
| 19:47 | Create | Villager (Male) |
| 20:16 | Build | Farm |
| 20:24 | Create | Villager (Male) |
| 20:30 | Create | Villager (Male) |
| 20:42 | Build | Mill |
| 20:45 | Build | Farm |
| 20:46 | Build | Farm |
| 20:46 | Build | Farm |
| 20:50 | Create | Villager (Male) |
| 20:53 | Create | Villager (Male) |
| 20:56 | Create | Villager (Male) |
| 21:05 | Build | Farm |
| 21:14 | Build | Farm |
| 21:22 | Build | Farm |
| 21:29 | Build | Farm |
| 21:42 | Create | Villager (Male) |
| 21:42 | Create | Villager (Male) |
| 21:43 | Create | Villager (Male) |
| 21:44 | Create | Villager (Male) |
| 21:49 | Create | Villager (Male) |
| 21:52 | Create | Villager (Male) |
| 21:58 | Build | Mining Camp |
| 22:19 | Build | Farm |
| 22:19 | Build | Farm |
| 22:19 | Build | Farm |
| 22:20 | Build | Farm |
| 22:20 | Build | Farm |
| 22:32 | Build | Farm |
| 22:41 | Create | Villager (Male) |
| 22:46 | Research | Hand Cart |
| 22:48 | Create | Villager (Male) |
| 22:52 | Create | Villager (Male) |
| 23:00 | Build | Farm |
| 23:59 | Build | Barracks |
| 24:07 | Create | Villager (Male) |
| 24:07 | Create | Villager (Male) |
| 24:10 | Create | Villager (Male) |
| 24:10 | Create | Villager (Male) |
| 24:14 | Create | Villager (Male) |
| 24:14 | Create | Villager (Male) |
| 24:17 | Create | Villager (Male) |
| 24:17 | Create | Villager (Male) |
| 24:24 | Build | Farm |
| 24:24 | Build | Farm |
| 24:25 | Build | Farm |
| 24:25 | Build | Farm |
| 25:20 | Create | Villager (Male) |
| 25:20 | Create | Villager (Male) |
| 25:23 | Create | Villager (Male) |
| 25:23 | Create | Villager (Male) |
| 25:27 | Create | Villager (Male) |
| 25:27 | Create | Villager (Male) |
| 25:31 | Create | Villager (Male) |
| 25:31 | Create | Villager (Male) |
| 25:43 | Build | Castle |
| 26:35 | Research | Imperial Age |
| 26:39 | Create | Villager (Male) |
| 26:40 | Create | Villager (Male) |
| 26:42 | Create | Villager (Male) |
| 26:42 | Create | Villager (Male) |
| 26:45 | Create | Villager (Male) |
| 26:46 | Create | Villager (Male) |
| 26:53 | Build | Farm |
| 26:54 | Build | Farm |
| 26:54 | Build | Farm |
| 27:02 | Build | Lumber Camp |
| 27:06 | Build | Lumber Camp |
| 27:24 | Build | Stable |
| 27:26 | Build | Stable |
| 27:27 | Build | Stable |
| 27:28 | Build | Stable |
| 27:29 | Build | Stable |
| 27:31 | Build | Stable |
| 27:32 | Build | Stable |
| 27:33 | Build | Stable |
| 27:34 | Build | Stable |
| 27:36 | Build | Stable |
Build order — LB_小小leo
First 150 of 436 actions detected
| 0:53 | Create | Villager (Male) |
| 0:53 | Create | Villager (Male) |
| 0:59 | Build | Lumber Camp |
| 1:24 | Create | Villager (Male) |
| 2:03 | Create | Villager (Male) |
| 2:11 | Build | House |
| 2:33 | Create | Villager (Male) |
| 2:37 | Build | Mill |
| 2:40 | Create | Villager (Male) |
| 3:09 | Create | Villager (Male) |
| 3:28 | Research | Loom |
| 3:31 | Create | Villager (Male) |
| 3:59 | Create | Villager (Male) |
| 4:21 | Build | House |
| 4:30 | Create | Villager (Male) |
| 4:39 | Create | Villager (Male) |
| 4:55 | Create | Villager (Male) |
| 5:33 | Create | Villager (Male) |
| 5:55 | Create | Villager (Male) |
| 6:13 | Build | Mill |
| 6:43 | Create | Villager (Male) |
| 7:11 | Research | Feudal Age |
| 7:45 | Create | Villager (Male) |
| 8:53 | Build | Farm |
| 8:55 | Build | Farm |
| 8:58 | Build | Farm |
| 9:02 | Build | House |
| 9:11 | Build | Farm |
| 9:13 | Build | Farm |
| 9:18 | Build | Farm |
| 9:21 | Age | Feudal Age |
| 9:22 | Create | Villager (Male) |
| 9:22 | Create | Villager (Male) |
| 9:31 | Build | Market |
| 9:36 | Build | Blacksmith |
| 9:44 | Build | Farm |
| 9:45 | Create | Villager (Male) |
| 9:57 | Create | Villager (Male) |
| 10:48 | Create | Villager (Male) |
| 11:04 | Build | Mining Camp |
| 11:14 | Research | Castle Age |
| 11:48 | Research | Double-Bit Axe |
| 12:01 | Build | House |
| 12:02 | Build | House |
| 12:37 | Research | Loom |
| 12:38 | Create | Villager (Male) |
| 12:39 | Create | Villager (Male) |
| 12:39 | Create | Villager (Male) |
| 13:17 | Build | Farm |
| 13:54 | Age | Castle Age |
| 14:10 | Build | Farm |
| 14:11 | Build | Farm |
| 14:35 | Build | Castle |
| 14:37 | Create | Villager (Male) |
| 14:54 | Create | Villager (Male) |
| 14:54 | Create | Villager (Male) |
| 15:26 | Create | Villager (Male) |
| 15:38 | Build | Farm |
| 15:56 | Build | Farm |
| 16:25 | Create | Villager (Male) |
| 16:43 | Build | Town Center |
| 16:58 | Create | Villager (Male) |
| 17:05 | Build | Farm |
| 17:23 | Build | Farm |
| 17:25 | Build | Farm |
| 17:33 | Create | Villager (Male) |
| 17:34 | Create | Villager (Male) |
| 17:40 | Build | Farm |
| 17:49 | Create | Villager (Male) |
| 17:49 | Create | Villager (Male) |
| 18:02 | Create | Villager (Male) |
| 18:19 | Build | Farm |
| 18:21 | Build | Farm |
| 18:28 | Build | Farm |
| 18:35 | Build | Farm |
| 18:38 | Create | Villager (Male) |
| 18:38 | Create | Villager (Male) |
| 18:40 | Create | Villager (Male) |
| 18:47 | Build | Farm |
| 18:47 | Build | Farm |
| 18:53 | Create | Villager (Male) |
| 19:03 | Create | Villager (Male) |
| 19:16 | Create | Villager (Male) |
| 19:17 | Create | Villager (Male) |
| 19:32 | Create | Villager (Male) |
| 19:55 | Build | Town Center |
| 19:56 | Create | Villager (Male) |
| 19:58 | Create | Villager (Male) |
| 20:08 | Build | Farm |
| 20:15 | Build | Farm |
| 20:15 | Build | Farm |
| 20:41 | Create | Villager (Male) |
| 20:42 | Create | Villager (Male) |
| 21:10 | Build | Town Center |
| 21:12 | Create | Villager (Male) |
| 21:12 | Create | Villager (Male) |
| 21:13 | Create | Villager (Male) |
| 21:13 | Create | Villager (Male) |
| 21:20 | Create | Villager (Male) |
| 21:36 | Build | Barracks |
| 21:46 | Create | Villager (Male) |
| 21:48 | Create | Villager (Male) |
| 21:48 | Create | Villager (Male) |
| 21:53 | Build | Farm |
| 21:53 | Build | Farm |
| 21:54 | Create | Villager (Male) |
| 21:54 | Research | Loom |
| 21:57 | Build | Farm |
| 22:03 | Research | Wheelbarrow |
| 22:07 | Create | Villager (Male) |
| 22:07 | Create | Villager (Male) |
| 22:17 | Create | Villager (Male) |
| 22:21 | Create | Villager (Male) |
| 22:28 | Build | Monastery |
| 22:33 | Create | Villager (Male) |
| 22:36 | Create | Villager (Male) |
| 22:42 | Build | Farm |
| 22:44 | Build | House |
| 22:48 | Build | Farm |
| 22:51 | Build | Farm |
| 22:55 | Create | Villager (Male) |
| 22:55 | Create | Villager (Male) |
| 22:56 | Create | Villager (Male) |
| 22:56 | Create | Villager (Male) |
| 22:57 | Create | Villager (Male) |
| 22:57 | Create | Villager (Male) |
| 22:58 | Create | Villager (Male) |
| 22:58 | Create | Villager (Male) |
| 23:08 | Build | House |
| 23:09 | Build | House |
| 23:09 | Build | House |
| 23:19 | Create | Villager (Male) |
| 23:20 | Create | Villager (Male) |
| 23:21 | Create | Villager (Male) |
| 23:29 | Create | Villager (Male) |
| 23:30 | Create | Villager (Male) |
| 23:31 | Create | Villager (Male) |
| 23:31 | Create | Villager (Male) |
| 23:48 | Create | Villager (Male) |
| 23:49 | Create | Villager (Male) |
| 24:03 | Create | Villager (Male) |
| 24:03 | Create | Villager (Male) |
| 24:04 | Create | Villager (Male) |
| 24:05 | Create | Villager (Male) |
| 24:06 | Create | Villager (Male) |
| 24:07 | Create | Villager (Male) |
| 24:21 | Build | Mill |
| 24:21 | Build | Farm |
| 24:21 | Build | Farm |
| 24:21 | Build | Farm |
Build order — Up1set
First 150 of 306 actions detected
| 0:04 | Build | House |
| 0:07 | Create | Villager (Male) |
| 0:07 | Create | Villager (Male) |
| 0:28 | Build | Lumber Camp |
| 0:53 | Create | Villager (Male) |
| 1:15 | Create | Villager (Male) |
| 1:45 | Create | Villager (Male) |
| 2:26 | Build | Mill |
| 2:29 | Create | Villager (Male) |
| 2:47 | Create | Villager (Male) |
| 3:05 | Build | House |
| 3:10 | Create | Villager (Male) |
| 3:46 | Create | Villager (Male) |
| 4:05 | Create | Villager (Male) |
| 4:15 | Build | Farm |
| 4:26 | Create | Villager (Male) |
| 4:41 | Create | Villager (Male) |
| 4:56 | Build | House |
| 5:19 | Create | Villager (Male) |
| 5:46 | Create | Villager (Male) |
| 6:10 | Create | Villager (Male) |
| 6:32 | Create | Villager (Male) |
| 6:48 | Research | Feudal Age |
| 6:50 | Create | Villager (Male) |
| 7:59 | Build | Mining Camp |
| 8:14 | Research | Loom |
| 8:53 | Build | House |
| 8:57 | Build | Farm |
| 8:59 | Age | Feudal Age |
| 9:27 | Create | Villager (Male) |
| 9:41 | Build | Watch Tower |
| 10:06 | Create | Villager (Male) |
| 10:07 | Create | Villager (Male) |
| 10:07 | Create | Villager (Male) |
| 10:14 | Build | Farm |
| 10:18 | Build | Farm |
| 10:49 | Create | Villager (Male) |
| 10:58 | Build | Mining Camp |
| 11:19 | Create | Villager (Male) |
| 11:24 | Build | Farm |
| 11:44 | Build | Blacksmith |
| 11:46 | Build | Market |
| 12:20 | Create | Villager (Male) |
| 12:20 | Create | Villager (Male) |
| 12:21 | Create | Villager (Male) |
| 12:21 | Create | Villager (Male) |
| 12:33 | Build | House |
| 12:35 | Build | House |
| 13:27 | Build | Farm |
| 14:02 | Create | Villager (Male) |
| 14:02 | Create | Villager (Male) |
| 14:02 | Create | Villager (Male) |
| 14:02 | Create | Villager (Male) |
| 15:31 | Create | Villager (Male) |
| 16:10 | Create | Villager (Male) |
| 16:15 | Research | Castle Age |
| 16:28 | Create | Villager (Male) |
| 16:36 | Build | Farm |
| 16:43 | Build | Mill |
| 17:16 | Build | Farm |
| 17:16 | Build | Farm |
| 17:16 | Build | Farm |
| 17:16 | Build | Farm |
| 17:17 | Build | Farm |
| 17:17 | Build | Farm |
| 17:31 | Create | Villager (Male) |
| 17:36 | Research | Double-Bit Axe |
| 18:13 | Build | Palisade Wall |
| 18:17 | Build | Palisade Gate |
| 18:26 | Build | Farm |
| 18:26 | Build | Farm |
| 18:26 | Build | Farm |
| 18:26 | Build | Farm |
| 18:27 | Build | Farm |
| 18:53 | Build | House |
| 18:55 | Age | Castle Age |
| 18:57 | Build | Farm |
| 19:26 | Build | House |
| 19:29 | Build | House |
| 19:30 | Create | Villager (Male) |
| 19:50 | Build | Castle |
| 19:55 | Research | Horse Collar |
| 19:58 | Research | Bow Saw |
| 20:12 | Create | Villager (Male) |
| 20:29 | Create | Villager (Male) |
| 20:42 | Build | Farm |
| 20:57 | Build | University |
| 21:00 | Create | Villager (Male) |
| 21:12 | Build | Farm |
| 21:12 | Build | Farm |
| 21:12 | Build | Farm |
| 21:13 | Build | Farm |
| 21:31 | Build | Palisade Gate |
| 21:41 | Build | Palisade Gate |
| 21:43 | Create | Villager (Male) |
| 21:52 | Build | Farm |
| 22:12 | Create | Villager (Male) |
| 22:24 | Research | Imperial Age |
| 22:27 | Research | Bow Saw |
| 22:40 | Research | Horse Collar |
| 22:51 | Create | Villager (Male) |
| 23:44 | Build | Town Center |
| 23:52 | Create | Villager (Male) |
| 24:54 | Build | Monastery |
| 25:16 | Research | Heavy Plow |
| 25:24 | Create | Villager (Male) |
| 25:25 | Create | Villager (Male) |
| 25:26 | Create | Villager (Male) |
| 25:27 | Create | Villager (Male) |
| 25:35 | Age | Imperial Age |
| 26:15 | Build | Castle |
| 26:16 | Build | Mining Camp |
| 26:23 | Build | Farm |
| 26:23 | Build | Farm |
| 26:25 | Create | Villager (Male) |
| 26:30 | Research | Scale Mail Armor |
| 26:31 | Research | Forging |
| 26:38 | Create | Villager (Male) |
| 26:38 | Create | Villager (Male) |
| 26:54 | Research | Wheelbarrow |
| 26:56 | Research | Town Watch |
| 27:20 | Build | University |
| 27:21 | Create | Villager (Male) |
| 27:21 | Create | Villager (Male) |
| 28:06 | Build | Barracks |
| 28:06 | Create | Villager (Male) |
| 28:07 | Create | Villager (Male) |
| 28:08 | Create | Villager (Male) |
| 28:18 | Build | House |
| 28:19 | Build | House |
| 28:21 | Build | House |
| 28:23 | Build | House |
| 28:24 | Build | House |
| 28:26 | Build | House |
| 28:35 | Create | Villager (Male) |
| 28:39 | Build | Farm |
| 29:09 | Build | Farm |
| 29:15 | Build | Farm |
| 29:22 | Create | Villager (Male) |
| 29:23 | Create | Villager (Male) |
| 29:23 | Create | Villager (Male) |
| 29:24 | Create | Villager (Male) |
| 29:41 | Build | Siege Workshop |
| 29:48 | Research | Chain Mail Armor |
| 29:48 | Research | Iron Casting |
| 29:57 | Research | Town Patrol |
| 30:01 | Research | Conscription |
| 30:35 | Build | Castle |
| 30:36 | Build | Mining Camp |
| 30:44 | Build | Farm |
Build order — Tsukitech
First 150 of 272 actions detected
| 0:08 | Create | Villager (Male) |
| 0:08 | Create | Villager (Male) |
| 0:40 | Build | Mill |
| 1:08 | Build | House |
| 1:11 | Create | Villager (Male) |
| 1:26 | Create | Villager (Male) |
| 2:04 | Create | Villager (Male) |
| 2:36 | Create | Villager (Male) |
| 2:43 | Build | Lumber Camp |
| 3:12 | Create | Villager (Male) |
| 3:12 | Create | Villager (Male) |
| 3:59 | Create | Villager (Male) |
| 4:27 | Research | Feudal Age |
| 5:42 | Build | House |
| 6:11 | Build | House |
| 6:33 | Build | House |
| 6:37 | Age | Feudal Age |
| 6:39 | Create | Villager (Male) |
| 6:40 | Create | Villager (Male) |
| 6:47 | Build | Blacksmith |
| 7:00 | Build | Market |
| 7:09 | Create | Villager (Male) |
| 7:57 | Build | Farm |
| 7:58 | Build | Farm |
| 8:11 | Create | Villager (Male) |
| 8:18 | Research | Horse Collar |
| 8:23 | Research | Double-Bit Axe |
| 8:37 | Create | Villager (Male) |
| 8:53 | Create | Villager (Male) |
| 9:20 | Build | Mining Camp |
| 9:28 | Research | Castle Age |
| 9:32 | Build | Farm |
| 9:32 | Build | Farm |
| 9:32 | Build | Farm |
| 9:32 | Build | Farm |
| 9:41 | Build | Farm |
| 9:44 | Build | Farm |
| 10:40 | Create | Villager (Male) |
| 10:40 | Create | Villager (Male) |
| 12:08 | Age | Castle Age |
| 12:30 | Build | Town Center |
| 12:47 | Build | Town Center |
| 12:53 | Create | Villager (Male) |
| 12:53 | Create | Villager (Male) |
| 13:07 | Build | Town Center |
| 13:19 | Create | Villager (Male) |
| 13:20 | Create | Villager (Male) |
| 13:39 | Create | Villager (Male) |
| 13:40 | Create | Villager (Male) |
| 13:40 | Create | Villager (Male) |
| 13:40 | Create | Villager (Male) |
| 13:40 | Create | Villager (Male) |
| 13:41 | Create | Villager (Male) |
| 13:41 | Create | Villager (Male) |
| 13:41 | Create | Villager (Male) |
| 13:47 | Create | Villager (Male) |
| 13:47 | Create | Villager (Male) |
| 13:47 | Create | Villager (Male) |
| 13:48 | Create | Villager (Male) |
| 13:48 | Create | Villager (Male) |
| 13:56 | Build | Farm |
| 13:57 | Create | Villager (Male) |
| 13:57 | Create | Villager (Male) |
| 13:57 | Create | Villager (Male) |
| 13:57 | Create | Villager (Male) |
| 13:58 | Create | Villager (Male) |
| 14:38 | Build | Farm |
| 14:49 | Research | Bow Saw |
| 14:54 | Build | Farm |
| 15:10 | Create | Villager (Male) |
| 15:11 | Create | Villager (Male) |
| 15:11 | Create | Villager (Male) |
| 15:11 | Create | Villager (Male) |
| 15:11 | Create | Villager (Male) |
| 15:12 | Create | Villager (Male) |
| 15:12 | Create | Villager (Male) |
| 15:17 | Build | Farm |
| 15:46 | Build | Farm |
| 15:46 | Build | Farm |
| 15:46 | Build | Farm |
| 15:47 | Build | Farm |
| 15:47 | Build | Farm |
| 15:47 | Build | Farm |
| 15:53 | Create | Villager (Male) |
| 15:54 | Create | Villager (Male) |
| 15:59 | Build | Farm |
| 16:03 | Build | Farm |
| 16:04 | Build | Farm |
| 16:09 | Build | Farm |
| 16:18 | Build | House |
| 16:20 | Build | House |
| 16:21 | Build | House |
| 16:22 | Build | House |
| 16:36 | Build | Farm |
| 16:40 | Build | Farm |
| 16:46 | Create | Villager (Male) |
| 16:46 | Create | Villager (Male) |
| 16:46 | Create | Villager (Male) |
| 16:46 | Create | Villager (Male) |
| 16:47 | Create | Villager (Male) |
| 16:47 | Create | Villager (Male) |
| 16:47 | Create | Villager (Male) |
| 16:47 | Create | Villager (Male) |
| 17:18 | Build | House |
| 17:19 | Build | House |
| 17:23 | Build | Farm |
| 17:32 | Build | Farm |
| 17:34 | Create | Villager (Male) |
| 17:44 | Create | Villager (Male) |
| 17:44 | Create | Villager (Male) |
| 17:44 | Create | Villager (Male) |
| 17:45 | Create | Villager (Male) |
| 17:45 | Create | Villager (Male) |
| 17:45 | Create | Villager (Male) |
| 17:46 | Create | Villager (Male) |
| 17:46 | Create | Villager (Male) |
| 17:46 | Create | Villager (Male) |
| 17:47 | Create | Villager (Male) |
| 17:54 | Create | Villager (Male) |
| 17:54 | Create | Villager (Male) |
| 17:54 | Create | Villager (Male) |
| 17:55 | Create | Villager (Male) |
| 17:55 | Create | Villager (Male) |
| 17:56 | Create | Villager (Male) |
| 17:57 | Create | Villager (Male) |
| 18:24 | Research | Gold Mining |
| 18:25 | Research | Stone Mining |
| 18:32 | Research | Heavy Plow |
| 18:43 | Create | Villager (Male) |
| 18:43 | Create | Villager (Male) |
| 18:44 | Create | Villager (Male) |
| 18:47 | Build | Farm |
| 19:08 | Build | Farm |
| 19:16 | Build | Farm |
| 19:19 | Create | Villager (Male) |
| 19:45 | Build | Farm |
| 19:49 | Build | Farm |
| 20:05 | Build | House |
| 20:15 | Build | Farm |
| 20:32 | Build | University |
| 20:35 | Build | Monastery |
| 20:52 | Build | House |
| 20:54 | Build | House |
| 20:56 | Build | House |
| 20:57 | Build | House |
| 20:58 | Build | House |
| 21:03 | Create | Villager (Male) |
| 21:04 | Create | Villager (Male) |
| 21:04 | Create | Villager (Male) |
| 21:04 | Create | Villager (Male) |
Build order — 傲娇
First 150 of 174 actions detected
| 0:16 | Build | Lumber Camp |
| 1:35 | Create | Villager (Male) |
| 3:49 | Create | Villager (Male) |
| 3:52 | Create | Villager (Male) |
| 3:54 | Create | Villager (Male) |
| 4:54 | Build | Mill |
| 5:22 | Build | Mining Camp |
| 5:43 | Create | Villager (Male) |
| 5:43 | Create | Villager (Male) |
| 6:43 | Research | Feudal Age |
| 6:57 | Build | Mill |
| 8:50 | Create | Villager (Male) |
| 8:51 | Create | Villager (Male) |
| 8:53 | Age | Feudal Age |
| 9:44 | Build | Blacksmith |
| 10:44 | Build | Market |
| 11:33 | Research | Castle Age |
| 11:50 | Build | Farm |
| 11:53 | Build | Farm |
| 12:01 | Build | Farm |
| 12:06 | Build | Farm |
| 12:37 | Research | Loom |
| 12:38 | Create | Villager (Male) |
| 12:38 | Create | Villager (Male) |
| 12:39 | Create | Villager (Male) |
| 12:39 | Create | Villager (Male) |
| 12:54 | Research | Double-Bit Axe |
| 13:46 | Research | Wheelbarrow |
| 13:47 | Create | Villager (Male) |
| 13:48 | Create | Villager (Male) |
| 13:49 | Create | Villager (Male) |
| 14:13 | Age | Castle Age |
| 14:22 | Build | Mining Camp |
| 14:41 | Build | Farm |
| 14:44 | Build | Farm |
| 14:46 | Build | Farm |
| 14:49 | Build | Farm |
| 15:10 | Build | House |
| 15:12 | Build | House |
| 15:14 | Build | House |
| 15:16 | Build | House |
| 15:18 | Build | House |
| 16:58 | Build | Lumber Camp |
| 17:57 | Build | Town Center |
| 18:18 | Build | Farm |
| 18:32 | Build | Farm |
| 19:21 | Build | University |
| 20:41 | Research | Bow Saw |
| 20:59 | Research | Stone Mining |
| 21:06 | Research | Gold Mining |
| 21:24 | Research | Masonry |
| 21:38 | Research | Fortified Wall (upgrade) |
| 22:01 | Build | Castle |
| 24:01 | Research | Great Wall |
| 24:04 | Create | Chu Ko Nu |
| 24:05 | Create | Chu Ko Nu |
| 24:05 | Create | Chu Ko Nu |
| 24:05 | Create | Chu Ko Nu |
| 24:18 | Research | Hand Cart |
| 24:20 | Create | Villager (Male) |
| 24:20 | Create | Villager (Male) |
| 24:20 | Create | Villager (Male) |
| 24:20 | Create | Villager (Male) |
| 24:21 | Create | Villager (Male) |
| 24:32 | Build | Building 490 |
| 25:32 | Research | Great Wall |
| 25:33 | Create | Chu Ko Nu |
| 25:34 | Create | Chu Ko Nu |
| 25:35 | Create | Chu Ko Nu |
| 25:35 | Create | Chu Ko Nu |
| 25:35 | Create | Chu Ko Nu |
| 25:35 | Create | Chu Ko Nu |
| 25:52 | Build | Stone Wall |
| 25:54 | Build | Stone Wall |
| 26:31 | Build | Watch Tower |
| 27:35 | Build | Stone Wall |
| 27:38 | Build | Stone Wall |
| 27:39 | Build | Stone Wall |
| 27:41 | Build | Stone Wall |
| 27:43 | Build | Stone Wall |
| 27:44 | Build | Stone Wall |
| 27:46 | Build | Stone Wall |
| 27:50 | Build | Stone Wall |
| 27:54 | Build | Stone Wall |
| 27:59 | Build | Stone Wall |
| 28:02 | Build | Stone Wall |
| 28:04 | Build | Stone Wall |
| 28:08 | Build | Stone Wall |
| 28:16 | Build | Stone Wall |
| 28:17 | Build | Stone Wall |
| 28:19 | Build | Stone Wall |
| 28:26 | Build | Stone Wall |
| 28:27 | Build | Stone Wall |
| 28:30 | Build | Stone Wall |
| 28:34 | Build | Stone Wall |
| 28:38 | Build | Stone Wall |
| 28:42 | Build | Stone Wall |
| 29:18 | Create | Chu Ko Nu |
| 29:19 | Create | Chu Ko Nu |
| 29:19 | Create | Chu Ko Nu |
| 29:19 | Create | Chu Ko Nu |
| 29:19 | Create | Chu Ko Nu |
| 29:19 | Create | Chu Ko Nu |
| 29:20 | Create | Chu Ko Nu |
| 29:20 | Create | Chu Ko Nu |
| 29:20 | Create | Chu Ko Nu |
| 29:20 | Create | Chu Ko Nu |
| 29:36 | Build | Town Center |
| 29:51 | Create | Villager (Male) |
| 29:52 | Create | Villager (Male) |
| 29:52 | Create | Villager (Male) |
| 29:52 | Create | Villager (Male) |
| 29:52 | Create | Villager (Male) |
| 29:52 | Create | Villager (Male) |
| 29:53 | Create | Villager (Male) |
| 29:53 | Create | Villager (Male) |
| 29:53 | Create | Villager (Male) |
| 31:24 | Research | Guard Tower (upgrade) |
| 31:49 | Build | Farm |
| 31:52 | Build | Farm |
| 31:54 | Build | Farm |
| 31:55 | Build | Farm |
| 31:57 | Build | Farm |
| 31:58 | Build | Farm |
| 32:00 | Build | Farm |
| 32:03 | Build | Farm |
| 32:07 | Build | Farm |
| 32:50 | Build | Farm |
| 34:39 | Build | Watch Tower |
| 35:33 | Build | Watch Tower |
| 35:53 | Build | Building 490 |
| 36:16 | Build | Watch Tower |
| 37:01 | Build | Farm |
| 37:11 | Build | Stone Wall |
| 37:18 | Build | Stone Wall |
| 37:19 | Build | Stone Wall |
| 37:34 | Build | Farm |
| 38:51 | Build | Farm |
| 38:52 | Build | Farm |
| 38:55 | Build | Farm |
| 39:01 | Build | Farm |
| 39:03 | Build | Farm |
| 39:05 | Build | Farm |
| 39:49 | Research | Imperial Age |
| 39:50 | Create | Villager (Male) |
| 39:50 | Create | Villager (Male) |
| 39:50 | Create | Villager (Male) |
| 39:50 | Create | Villager (Male) |
| 39:51 | Create | Villager (Male) |
| 39:51 | Create | Villager (Male) |
Match timeline
| 6:37 | Tsukitech · age_up feudal |
| 8:25 | 一拍车拍死你全家 · age_up feudal |
| 8:41 | 家恒 · age_up feudal |
| 8:53 | 傲娇 · age_up feudal |
| 8:59 | Up1set · age_up feudal |
| 9:13 | 喜多川海梦 · age_up feudal |
| 9:21 | LB_小小leo · age_up feudal |
| 10:10 | 家恒 · first_market_sell 100 wood |
| 10:12 | 一拍车拍死你全家 · first_market_sell 100 wood |
| 10:26 | LB_小小leo · first_market_sell 100 wood |
| 11:01 | 家恒 · first_building Barracks |
| 12:08 | Tsukitech · age_up castle |
| 12:41 | 喜多川海梦 · first_building Barracks |
| 13:04 | 喜多川海梦 · age_up castle |
| 13:10 | 家恒 · age_up castle |
| 13:13 | 家恒 · first_building Monastery |
| 13:27 | 喜多川海梦 · first_market_buy 100 stone |
| 13:29 | 喜多川海梦 · first_market_sell 100 food |
| 13:42 | 喜多川海梦 · first_building Castle |
| 13:54 | LB_小小leo · age_up castle |
| 14:13 | 傲娇 · age_up castle |
| 14:23 | 一拍车拍死你全家 · age_up castle |
| 14:35 | LB_小小leo · first_building Castle |
| 14:47 | 一拍车拍死你全家 · first_building Monastery |
| 15:04 | 喜多川海梦 · first_building Archery Range |
| 16:51 | Up1set · first_market_sell 100 wood |
| 18:13 | Up1set · wall_segment Palisade Wall x16 |
| 18:55 | Up1set · age_up castle |
| 19:50 | Up1set · first_building Castle |
| 20:12 | 家恒 · first_building Stable |
| 20:35 | Tsukitech · first_building Monastery |
| 21:36 | LB_小小leo · first_building Barracks |
| 21:39 | 家恒 · first_building Castle |
| 21:56 | Tsukitech · first_building Siege Workshop |
| 22:01 | 傲娇 · first_building Castle |
| 22:28 | LB_小小leo · first_building Monastery |
| 23:27 | Tsukitech · first_building Castle |
| 23:59 | 一拍车拍死你全家 · first_building Barracks |
| 24:46 | LB_小小leo · first_building Archery Range |
| 24:54 | Up1set · first_building Monastery |
| 25:02 | LB_小小leo · first_building Stable |
| 25:21 | Tsukitech · age_up imperial |
| 25:31 | 喜多川海梦 · first_building Siege Workshop |
| 25:35 | Up1set · age_up imperial |
| 25:43 | 一拍车拍死你全家 · first_building Castle |
| 25:52 | 傲娇 · wall_segment Stone Wall x1 |
| 25:54 | 傲娇 · wall_segment Stone Wall x1 |
| 27:24 | 一拍车拍死你全家 · first_building Stable |
| 27:34 | 喜多川海梦 · wall_segment Stone Wall x1 |
| 27:35 | 傲娇 · wall_segment Stone Wall x1 |
| 27:38 | 傲娇 · wall_segment Stone Wall x1 |
| 27:39 | 傲娇 · wall_segment Stone Wall x1 |
| 27:41 | 傲娇 · wall_segment Stone Wall x1 |
| 27:42 | Tsukitech · first_market_sell 500 wood |
| 27:43 | 傲娇 · wall_segment Stone Wall x1 |
| 27:44 | 傲娇 · wall_segment Stone Wall x1 |
| 27:46 | 傲娇 · wall_segment Stone Wall x1 |
| 27:50 | 傲娇 · wall_segment Stone Wall x1 |
| 27:54 | 傲娇 · wall_segment Stone Wall x1 |
| 27:59 | 傲娇 · wall_segment Stone Wall x1 |
| 28:02 | 傲娇 · wall_segment Stone Wall x1 |
| 28:02 | 喜多川海梦 · age_up imperial |
| 28:04 | 傲娇 · wall_segment Stone Wall x1 |
| 28:06 | Up1set · first_building Barracks |
| 28:08 | 傲娇 · wall_segment Stone Wall x1 |
| 28:16 | 傲娇 · wall_segment Stone Wall x1 |
| 28:17 | 傲娇 · wall_segment Stone Wall x1 |
| 28:19 | 傲娇 · wall_segment Stone Wall x1 |
| 28:26 | 傲娇 · wall_segment Stone Wall x1 |
| 28:27 | 傲娇 · wall_segment Stone Wall x1 |
| 28:30 | 傲娇 · wall_segment Stone Wall x1 |
| 28:34 | 傲娇 · wall_segment Stone Wall x1 |
| 28:38 | 傲娇 · wall_segment Stone Wall x1 |
| 28:42 | 傲娇 · wall_segment Stone Wall x1 |
| 29:10 | 家恒 · first_building Archery Range |
| 29:27 | Tsukitech · first_building Barracks |
| 29:34 | LB_小小leo · age_up imperial |
| 29:41 | Up1set · first_building Siege Workshop |
| 29:45 | 一拍车拍死你全家 · age_up imperial |
| 30:11 | 喜多川海梦 · first_building Stable |
| 30:34 | 家恒 · age_up imperial |
| 37:11 | 傲娇 · wall_segment Stone Wall x1 |
| 37:18 | 傲娇 · wall_segment Stone Wall x1 |
| 37:19 | 傲娇 · wall_segment Stone Wall x1 |
| 37:43 | Up1set · first_market_buy 100 food |
| 40:27 | 傲娇 · first_market_sell 100 wood |
| 42:59 | 傲娇 · age_up imperial |
| 43:01 | 傲娇 · tribute_sent a jugador 1 |
| 43:01 | 傲娇 · tribute_sent a jugador 2 |
| 43:01 | 傲娇 · tribute_sent a jugador 3 |
| 43:01 | 傲娇 · tribute_sent a jugador 4 |
| 43:01 | 傲娇 · tribute_sent a jugador 5 |
| 43:01 | 傲娇 · tribute_sent a jugador 6 |
| 49:15 | LB_小小leo · wall_segment Palisade Wall x3 |
| 49:34 | LB_小小leo · wall_segment Stone Wall x4 |
| 49:50 | LB_小小leo · wall_segment Stone Wall x1 |
| 50:26 | LB_小小leo · wall_segment Stone Wall x2 |
| 50:30 | LB_小小leo · wall_segment Stone Wall x2 |
| 52:17 | LB_小小leo · wall_segment Stone Wall x1 |
| 55:16 | Tsukitech · wall_segment Stone Wall x3 |
[ AI ANALYSIS · 1 CREDIT ]
What really happened in this match?
Wolo.gg analyzes every decision: build order, eco, micro, common mistakes by bracket. Personalized analysis on WhatsApp or Discord in 30 seconds.
Civ guide
Magyars
Map guide
QS Arena
Perfil
喜多川海梦